Map: Ruins of Seras

Players

Polt - Winner!

  • Race: Terran Terran

Snute

  • Race: Zerg Zerg

Event: 2016 WCS Winter Circuit Championship

VOD

Have the link to the VOD?

Description

Time

  • Played on: March 5, 2016, 10:17 a.m.
  • Length: 23:10

All games in this series

Show
View Real Time Build Order
Export as new Build Order

Polt Terran - Winner!

Build Orders: Reaper Expand, Bio Tank 

Get SALT Encoding   

  12  0:00  SCV  
  13  0:12  SCV  
  14  0:17  Supply Depot  
  14  0:25  SCV  
  15  0:39  SCV  
  15  0:40  Barracks  
  16  0:46  Refinery  
  16  0:51  SCV  
  17  1:03  SCV  
  18  1:15  SCV  
  19  1:27  Orbital Command  
  19  1:28  Reaper  
  20  1:44  Command Center  
  20  1:53  SCV  
  21  1:56  Supply Depot  
  21  2:00  Marine  
  22  2:06  SCV  
  23  2:10  Factory  
  23  2:18  SCV  
  23  2:21  Refinery  
  24  2:22  Barracks Reactor  
  24  2:30  SCV  
  25  2:42  SCV  
  26  2:54  SCV  
  26  2:56  Starport  
  26  2:57  Orbital Command  
  27  2:59  Factory Tech Lab, Marine x2  
  27  3:03  Bunker  
  29  3:08  SCV  
  30  3:19  Marine x2  
  32  3:20  SCV  
  32  3:24  Siege Tank  
  32  3:25  SCV  
  37  3:32  SCV  
  38  3:34  Supply Depot  
  38  3:37  SCV  
  39  3:44  Marine x2  
  39  3:46  Medivac  
  43  3:48  SCV  
  43  3:49  SCV  
  45  3:57  Supply Depot  
  45  4:02  SCV x2  
  47  4:10  Barracks  
  47  4:12  Barracks  
  47  4:15  SCV x2  
  47  4:16  Marine  
  49  4:17  Stimpack  
  49  4:18  Viking  
  49  4:21  Supply Depot, Factory Reactor  
  51  4:27  SCV x2  
  53  4:39  SCV x2  
  53  4:41  Marine  
  56  4:47  Command Center  
  56  4:52  SCV x2  
  58  4:53  Starport Reactor  
  58  4:58  Refinery x2  
  58  5:06  SCV x2  
  60  5:15  Marine x2  
  60  5:16  Marine  
  60  5:18  SCV x2  
  60  5:19  Factory Tech Lab  
  65  5:23  Marine x2  
  65  5:24  Engineering Bay x2  
  65  5:28  Supply Depot  
  67  5:29  Supply Depot  
  67  5:30  SCV x2  
  69  5:37  Marine  
  69  5:40  Medivac x2, Marine x2  
  69  5:41  Marine x2  
  74  5:58  Siege Tank  
  74  5:59  SCV x2  
  74  6:01  Marine x5  
  74  6:03  Orbital Command  
  81  6:06  Terran Infantry Armor Level 1, Terran Infantry Weapons Level 1  
  81  6:18  Combat Shields  
  81  6:19  Starport Reactor  
  81  6:20  Marine x5  
  81  6:24  Orbital Command  
  86  6:27  Barracks  
  86  6:29  Barracks  
  86  6:32  Siege Tank, SCV x2  
  91  6:42  Marine x3  
  91  6:43  Marine x2  
  91  6:44  SCV x2  
  98  6:51  Supply Depot  
  98  6:52  Supply Depot  
  88  6:57  SCV x3  
  91  7:02  Factory  
  91  7:03  Supply Depot  
  91  7:05  Marine x5  
  95  7:16  Medivac x2  
  95  7:18  Siege Tank  
  95  7:20  SCV x3  
  95  7:22  Barracks Reactor  
  105  7:26  Marine x6  
  105  7:27  Marine  
  110  7:46  Medivac x2  
  110  7:47  Marine x7, Armory  
  121  7:52  Refinery  
  121  7:53  Refinery  
  121  7:54  Siege Tank  
  121  7:55  Factory Tech Lab  
  121  7:57  Supply Depot x2  
  124  8:02  Missile Turret  
  124  8:03  SCV x3  
  127  8:08  Marine x2  
  127  8:09  Marine x4  
  133  8:18  Marine x2  
  133  8:19  Siege Tank, Marine  
  139  8:26  Siege Tank  
  142  8:31  Marine x6  
  148  8:36  Marine  
  148  8:38  Supply Depot x2  
  148  8:40  Supply Depot, Marine  
  149  8:41  Marine  
  149  8:51  Terran Infantry Weapons Level 2, Terran Infantry Armor Level 2  
  149  8:59  Siege Tank, Marine x2  
  149  9:00  Siege Tank, Marine x7  
  149  9:01  Medivac x2  
  166  9:06  Supply Depot  
  166  9:07  Supply Depot  
  166  9:26  Marine x7  
  166  9:28  Marine x2  
  174  9:37  Siege Tank x2  
  179  9:44  Marine x7  
  179  9:45  Medivac x2, Marine x2  
  180  10:02  Marine x7  
  180  10:03  Marine x2  
  173  10:15  Medivac x2  
  173  10:19  Marine x2  
  173  10:20  Marine x5  
  182  10:21  Marine x2  
  182  10:26  Siege Tank x2  
  182  10:28  Terran Vehicle Weapons Level 1  
  183  10:37  Marine x6  
  183  10:38  Marine  
  189  10:44  Marine x2  
  162  10:55  Marine x7  
  138  10:58  Siege Tank x2  
  138  11:02  Marine  
  138  11:03  Marine  
  139  11:10  Liberator x2  
  139  11:11  Command Center  
  139  11:13  Marine x7  
  146  11:20  Marine  
  146  11:21  Marine  
  148  11:30  Barracks x2  
  148  11:31  Barracks, Marine  
  155  11:36  Marine x6  
  155  11:37  Marine  
  155  11:39  Marine  
  152  11:40  Siege Tank  
  146  11:49  Marine  
  146  11:51  Siege Tank  
  150  11:55  Marine x5  
  150  11:56  Liberator x2  
  150  11:57  Marine  
  150  12:00  Marine  
  157  12:10  Terran Infantry Weapons Level 3  
  157  12:12  Siege Tank  
  156  12:27  Marine x2  
  156  12:28  Marine x7  
  164  12:32  Siege Tank  
  142  12:44  Siege Tank  
  142  12:45  Marine x9  
  142  12:47  Marine x3  
  145  12:56  Medivac x2  
  137  13:10  Marine x8  
  137  13:11  Marine  
  137  13:12  Marine x3  
  143  13:23  Orbital Command  
  141  13:36  Marine x2  
  141  13:37  Marine x7  
  141  13:38  Marine  
  141  13:41  Marine x2  
  151  13:53  Siege Tank  
  151  13:54  Siege Tank  
  156  14:07  Marine x11  
  156  14:09  Marine  
  168  14:24  Orbital Command  
  168  14:25  Siege Tank  
  168  14:26  Siege Tank  
  168  14:29  Marine x10  
  168  14:30  Marine x2  
  181  14:43  Medivac x2  
  185  14:46  Terran Infantry Armor Level 3  
  184  14:59  Marine x8  
  192  15:04  Marine x3  
  192  15:05  Marine  
  180  15:17  Siege Tank x2  
  176  15:24  Marine x8  
  176  15:25  Marine  
  176  15:26  Marine  
  176  15:27  Marine  
  185  15:28  Marine  
  186  15:47  Marine x4  
  186  15:48  Marine x8  
  194  15:53  Siege Tank x2  
  197  15:59  Medivac  
  197  16:00  Medivac  
  191  16:26  Marine x2  
  191  16:27  Marine x7  
  191  16:29  Barracks Tech Lab x2  
  200  16:34  Building Armor  
  200  16:35  Terran Vehicle Weapons Level 2  
  176  16:40  Medivac x2  
  176  16:41  Siege Tank x2  
  183  17:02  Marine x4  
  183  17:03  Marine x8  
  189  17:12  Medivac x2  
  189  17:13  Siege Tank x2  
  189  17:23  Hi-Sec Auto Tracking, Marine x2  
  189  17:24  Marine x9  
  193  17:42  Viking x2  
  189  17:59  Marine x11  
  198  18:53  Viking x2  
  193  19:12  Marine x9  
  191  19:17  Starport x2  
  191  19:18  Terran Ship Weapons Level 1, Starport  
  186  19:34  Refinery x2  
  186  19:42  Refinery x2  
  186  19:47  Command Center  
  186  19:49  Viking x2  
  186  19:50  Command Center  
  184  20:03  Viking x2  
  184  20:04  Viking  
  190  20:10  Barracks Tech Lab  
  190  20:18  Command Center  
  190  20:19  Viking x2  
  194  20:41  Viking x3  
  198  21:01  Orbital Command  
  181  21:04  Command Center  
  181  21:06  Marine x10  
  181  21:07  Marine  
  192  21:13  Starport Reactor x2  
  192  21:14  Starport Reactor  
  192  21:32  Viking  
  192  21:33  Viking  
  184  21:52  Marine x4  
  184  21:53  Marine x6  
  184  22:02  Liberator x2  
  184  22:03  Liberator x6  
  172  22:14  Marine x12  
  172  22:15  Siege Tank x2  
  149  22:30  Planetary Fortress  
  149  22:32  Marine x12  
Show
View Real Time Build Order
Export as new Build Order

Snute Zerg 

Build Orders: Hatch First 

Get SALT Encoding   

  12  0:00  Drone  
  13  0:12  Overlord  
  13  0:18  Drone  
  14  0:31  Drone x2  
  14  0:34  Drone  
  17  0:53  Hatchery  
  17  0:55  Drone  
  17  0:58  Drone  
  17  1:01  Extractor  
  17  1:14  Spawning Pool  
  17  1:18  Drone  
  17  1:21  Drone  
  18  1:28  Drone  
  19  1:39  Overlord  
  19  2:00  Queen  
  19  2:01  Metabolic Boost, Zergling x4  
  23  2:06  Queen  
  25  2:14  Overlord  
  25  2:17  Drone  
  26  2:31  Drone x3  
  26  2:33  Drone  
  30  2:40  Queen  
  32  2:44  Drone  
  32  2:47  Drone  
  34  2:54  Overlord  
  34  2:55  Drone  
  35  2:59  Drone  
  35  3:04  Drone  
  37  3:10  Drone x2  
  37  3:11  Drone x2  
  41  3:14  Zergling x2  
  41  3:15  Zergling x2  
  41  3:16  Drone  
  44  3:31  Hatchery, Drone x2  
  44  3:33  Drone  
  46  3:35  Drone  
  46  3:39  Drone  
  48  3:43  Drone x3  
  48  3:47  Overlord  
  50  3:56  Drone, Roach Warren  
  50  3:57  Overlord  
  50  3:58  Drone  
  50  4:01  Extractor  
  50  4:03  Drone  
  50  4:04  Overlord  
  51  4:16  Queen x2  
  55  4:28  Spore Crawler  
  55  4:30  Spore Crawler  
  53  4:37  Roach  
  53  4:38  Roach x6  
  69  4:44  Queen  
  69  4:45  Drone x3  
  72  4:51  Drone x4  
  76  4:59  Drone x2, Overlord  
  79  5:00  Drone x2  
  79  5:03  Pneumatized Carapace  
  80  5:09  Overlord  
  80  5:14  Overlord  
  80  5:21  Overlord  
  80  5:25  Lair  
  80  5:28  Extractor, Overlord  
  80  5:29  Drone x4  
  80  5:30  Drone  
  80  5:31  Drone  
  80  5:32  Drone  
  80  5:34  Extractor  
  86  5:35  Drone x2  
  86  5:36  Extractor  
  86  5:39  Drone  
  85  5:44  Drone x3  
  86  5:52  Drone, Overlord  
  86  5:53  Drone x4  
  91  6:01  Queen  
  91  6:02  Queen  
  91  6:03  Evolution Chamber x2  
  91  6:08  Roach x2  
  91  6:09  Roach x3  
  101  6:14  Drone x2  
  101  6:16  Extractor  
  102  6:23  Glial Reconstitution  
  102  6:26  Ravager x2  
  102  6:27  Ravager x2  
  102  6:28  Zerg Ground Armor Level 1  
  102  6:29  Zerg Missile Weapons Level 1  
  102  6:31  Roach  
  108  6:33  Queen  
  108  6:37  Queen, Overlord  
  108  6:38  Overlord  
  112  6:40  Roach  
  113  7:03  Infestation Pit, Roach x8  
  128  7:11  Hatchery  
  125  7:26  Spore Crawler  
  125  7:27  Drone x2, Overlord  
  125  7:28  Spore Crawler, Drone  
  126  7:51  Overlord x3  
  126  7:55  Hatchery  
  126  7:58  Overlord x3  
  125  7:59  Roach x6  
  137  8:05  Overlord x2  
  137  8:08  Extractor  
  137  8:12  Extractor  
  135  8:13  Roach x7  
  135  8:14  Roach  
  135  8:16  Pathogen Glands  
  152  8:20  Ravager  
  152  8:21  Ravager x3  
  152  8:22  Ravager  
  152  8:24  Zerg Ground Armor Level 2, Zerg Missile Weapons Level 2  
  156  8:34  Spore Crawler  
  156  8:37  Infestor x3  
  161  8:41  Roach  
  161  8:42  Roach x2  
  161  8:44  Drone x3  
  170  8:50  Drone  
  170  8:51  Drone x2  
  170  8:52  Roach x3  
  179  9:14  Roach x7  
  179  9:16  Ravager  
  194  9:17  Ravager x4  
  191  9:41  Roach x2  
  191  9:42  Roach x4  
  191  9:51  Roach  
  191  9:52  Roach x10  
  176  9:56  Roach x4  
  176  9:57  Roach x3  
  190  10:03  Ravager x4  
  188  10:09  Ravager  
  188  10:10  Roach  
  188  10:11  Roach  
  189  10:22  Roach  
  189  10:36  Hatchery  
  184  10:48  Roach x3  
  184  10:49  Roach x9  
  139  11:04  Roach  
  130  11:07  Infestor x3  
  130  11:10  Ravager  
  130  11:11  Roach x5  
  139  11:15  Queen x2  
  151  11:23  Roach  
  151  11:24  Roach x3  
  129  11:40  Roach  
  129  11:41  Roach x3  
  137  11:50  Ravager  
  137  11:51  Ravager x2  
  137  11:52  Ravager  
  137  11:53  Roach x9  
  159  12:01  Ravager  
  159  12:02  Roach  
  159  12:03  Roach x2  
  166  12:18  Roach x9  
  166  12:20  Overlord  
  184  12:25  Roach x2  
  184  12:26  Roach x2  
  184  12:29  Ravager x2  
  144  12:46  Roach x9  
  144  12:47  Roach  
  144  12:50  Infestor  
  123  13:07  Roach, Zergling x2  
  123  13:08  Roach x8  
  123  13:12  Roach x2  
  136  13:32  Ravager  
  136  13:33  Roach  
  136  13:34  Roach x9  
  157  13:36  Ravager x3  
  157  13:40  Roach  
  162  14:00  Spire  
  161  14:07  Hatchery  
  159  14:18  Hive  
  159  14:38  Ravager x5  
  163  14:39  Roach x12  
  188  14:58  Roach  
  188  14:59  Roach x4  
  190  15:17  Roach x2  
  190  15:18  Roach x4  
  200  15:24  Burrow  
  200  15:40  Greater Spire  
  200  15:42  Extractor  
  200  15:43  Extractor  
  186  16:01  Hatchery  
  169  16:14  Corruptor x2  
  169  16:15  Corruptor x4  
  171  16:22  Roach x8  
  171  16:24  Ravager  
  185  16:25  Ravager  
  172  16:51  Ravager  
  172  16:52  Ravager  
  172  16:53  Ravager  
  172  16:54  Ravager  
  176  16:55  Brood Lord x5  
  176  16:56  Brood Lord  
  177  17:13  Roach x5  
  158  17:26  Roach x5  
  158  17:29  Ravager  
  168  17:30  Ravager  
  168  17:31  Infestor  
  168  17:33  Infestor  
  172  17:50  Infestor x2  
  160  18:00  Corruptor x2  
  160  18:03  Queen x2  
  160  18:04  Extractor  
  167  18:06  Extractor  
  166  18:16  Infestor  
  166  18:18  Ravager  
  120  18:59  Roach  
  120  19:00  Roach x9  
  133  19:03  Ravager  
  133  19:04  Ravager  
  133  19:05  Ravager  
  134  19:16  Hatchery  
  133  19:41  Viper  
  135  20:02  Queen x3  
  135  20:03  Queen x2  
  145  20:22  Hatchery, Viper  
  147  20:34  Extractor  
  146  20:54  Viper  
  147  21:10  Queen x2  
  155  21:13  Brood Lord  
  151  21:19  Roach x4  
  113  21:55  Drone x5  
  113  21:56  Drone x4  
  77  22:23  Drone x4  
  77  22:27  Spawning Pool  
  80  22:42  Drone  
  80  22:43  Drone x8  
  79  22:54  Drone x2  
Tags
 
Add a new tag
Caveats
  • Supply blocks, unpowered buildings, or Contaminate may cause inaccurate times.
  • Supply counts are checked every 10 seconds.